AoeStats
← Clueless Clown

MegaRandom

506435917Analyzed
4v4 RM · 18d ago on Sep 13, 2026· 53m 19s· 8 players
Game mode
Random Map
Map size
Large (8 player)
Population
200
Speed
Normal
Resources
Standard
Victory
Conquest
Starting age
Dark Age
Ending age
Imperial Age
RankedLock teamsTeams togetherTeam positionsShared explorationLock speedFull tech treeHidden civsTurbo modeCheats
Victory
Defeat
🇫🇷 Bohemians · France
1150
+14
🇺🇸 Jurchens · United States
1119
+15
🇪🇸 Goths · Spain
1111
+15
🇦🇹 Lithuanians · Austria
1103
+15
🇨🇳 Franks · China
1130
-16
🇦🇷 Malians · Argentina
1107
-15
🇻🇳 Burmese · Vietnam
1075
-14
🇺🇸 Japanese · United States
1071
-14
odro
3:50 Loom
14:54 Feudal Age
16:09 Wheelbarrow
15:16 Horse Collar
15:22 Double-Bit Axe
20:38 Castle Age
19:21 Stone Mining
20:11 Gold Mining
20:09 Town Watch
21:50 Hand Cart
22:04 Heavy Plow
23:27 Bow Saw
25:12 Stone Shaft Mining
24:55 Squires
24:15 Man-at-Arms
27:51 Forging
27:41 Scale Mail Armor
27:22 Long Swordsman
27:47 Pikeman
29:44 Iron Casting
31:12 Chain Mail Armor
31:59 Anarchy
37:01 Imperial Age
36:35 Coinage
36:33 Caravan
39:09 Two-Man Saw
38:40 Crop Rotation
38:32 Guilds
39:27 Banking
39:54 Two-Handed Swordsman
43:20 Blast Furnace
45:40 Perfusion
45:49 Champion
48:04 Halberdier
48:51 Capped Ram
Wolfran
15:12 Feudal Age
14:55 Loom
16:04 Double-Bit Axe
21:40 Castle Age
23:09 Fervor
23:15 Bow Saw
25:26 Wheelbarrow
24:37 Town Watch
24:19 Pikeman
27:03 Hand Cart
29:06 Squires
31:19 Chemistry
30:50 Arson
34:59 Imperial Age
33:56 Scale Mail Armor
34:06 Forging
36:18 Guilds
38:21 Two-Man Saw
37:04 Horse Collar
36:59 Halberdier
38:48 Chain Mail Armor
39:54 Conscription
40:00 Heavy Plow
47:27 Plate Mail Armor
47:07 Caravan
48:13 Padded Archer Armor
51:33 Siege Engineers
52:00 Leather Archer Armor
SeppShover
3:26 Loom
15:29 Feudal Age
19:33 Castle Age
18:07 Double-Bit Axe
18:31 Stone Mining
18:50 Horse Collar
19:56 Scale Barding Armor
25:45 Bloodlines
27:45 Forging
31:03 Chain Barding Armor
30:48 Husbandry
31:41 Wheelbarrow
33:57 Heavy Plow
34:11 Bow Saw
36:59 Caravan
37:40 Light Cavalry
39:12 Town Watch
39:44 Hand Cart
43:29 Imperial Age
40:56 Fletching
42:59 Bodkin Arrow
43:39 Iron Casting
45:58 Imperial Age
47:14 Plate Barding Armor
50:42 Winged Hussar
Clueless Clown
7:08 Loom
8:08 Loom
13:31 Feudal Age
18:36 Castle Age
17:47 Scale Mail Armor
19:18 Squires
20:03 Chain Mail Armor
27:10 Forging
31:00 Iron Casting
31:12 Gambesons
33:47 Caravan
37:48 Fletching
38:40 Bodkin Arrow
39:43 Light Cavalry
40:25 Husbandry
40:36 Bloodlines
41:54 Wheelbarrow
41:52 Town Watch
43:55 Double-Bit Axe
44:20 Horse Collar
47:11 Imperial Age
44:51 Scale Barding Armor
45:58 Chain Barding Armor
46:00 Fortified Bastions
47:06 Hand Cart
48:51 Plate Barding Armor
Sgt. Shaftoe
6:10 Loom
14:48 Feudal Age
16:38 Double-Bit Axe
18:12 Fletching
20:52 Castle Age
19:32 Man-at-Arms
24:15 Arson
23:52 Long Swordsman
25:25 Bodkin Arrow
25:30 Padded Archer Armor
26:25 Caravan
31:12 Fishing Lines
31:28 Elite Skirmisher
34:13 Gambesons
37:07 Thumb Ring
36:56 Horse Collar
38:27 Wheelbarrow
41:15 Imperial Age
38:32 Town Watch
39:57 Bow Saw
40:12 Crossbowman
41:25 Yasama
41:57 Squires
43:13 Conscription
42:54 Two-Handed Swordsman
44:59 Chemistry
43:41 Treadmill Crane
44:11 Masonry
46:07 Champion
46:52 Scale Mail Armor
49:01 Kataparuto
50:16 Pikeman
50:44 Halberdier
[ESTG] Daupoch
6:44 Loom
14:15 Feudal Age
20:01 Castle Age
17:56 Double-Bit Axe
18:43 Fishing Lines
19:33 Gold Mining
19:29 Horse Collar
21:04 Bow Saw
21:06 Gillnets
22:34 Town Watch
23:24 Wheelbarrow
24:09 Scale Mail Armor
24:41 Fervor
24:23 Man-at-Arms
25:21 Chain Mail Armor
26:22 Forging
25:35 Long Swordsman
27:01 Squires
26:46 Arson
28:31 Caravan
31:03 Hand Cart
32:31 Iron Casting
35:48 Fletching
36:05 Town Patrol
Súp gà noob 1000kg
15:04 Feudal Age
19:54 Castle Age
18:04 Gold Mining
19:27 Scale Barding Armor
19:32 Forging
19:11 Horse Collar
22:01 Loom
23:25 Husbandry
24:41 Fletching
43:04 Wheelbarrow
42:14 Town Watch
42:18 Elite Skirmisher
43:59 Horse Collar
48:15 Imperial Age
46:30 Padded Archer Armor
47:59 Bodkin Arrow
48:32 Bloodlines
47:43 Light Cavalry
48:57 Light Cavalry
49:51 Squires
50:34 Pikeman
辉夜夜大小姐
4:02 Loom
15:47 Feudal Age
21:06 Castle Age
31:15 Pikeman
31:56 Squires
41:15 Wheelbarrow
41:45 Caravan
45:18 Scale Mail Armor
46:51 Arson
48:41 Chain Mail Armor
48:27 Padded Archer Armor
48:17 Fletching
48:21 Elite Skirmisher
50:38 Light Cavalry
Connection lost

Rejoining the realm…

Still unreachable

The connection could not be restored.

Session expired

The server has moved on; the page needs a fresh start.